PAA
YAKIMA HOPS @ SPRINGFIELD SHOOTERS
08/03/2038
 
TOP OF THE 1ST
Yakima Hops batting - Pitching for Springfield Shooters : RHP Luis Sastre
Pitching: RHP Luis Sastre
Batting: SHB Pedro Montoya 0-0: Fly out, F5 (Popup, 5F, EV 68.1 MPH)
Batting: LHB Doug Cole 0-0: Ball
1-0: Called Strike
1-1: Foul Ball, location: 2F
1-2: Foul Ball, location: 2F
1-2: Foul Ball, location: 2F
1-2: Ball
2-2: Ball
3-2: Ground out U3 (Groundball, 3S, EV 86.2 MPH)
Batting: RHB Sebastian Franke 0-0: Ball
1-0: Ball
2-0: DOUBLE (Flyball, 89D, EV 107.5 MPH)
Batting: LHB Juan Arellano 0-0: Ball
1-0: Ball
2-0: Foul Ball, location: 2F
2-1: Ball
3-1: Foul Ball, location: 2F
3-2: Foul Ball, location: 2F
3-2: Foul Ball, location: 2F
3-2: Fly out, F8 (Flyball, 8LD, EV 86.9 MPH)
Top of the 1st over - 0 runs, 1 hit, 0 errors, 1 left on base; Yakima 0 - Springfield 0
BOTTOM OF THE 1ST
Springfield Shooters batting - Pitching for Yakima Hops : RHP Aurelio Ortíz
Pitching: RHP Aurelio Ortíz
Batting: LHB Herman Patton 0-0: Ball
1-0: Foul Ball, location: 2F
1-1: Ground out 6-3 (Groundball, 6, EV 83.8 MPH)
Batting: RHB David Milliken 0-0: Called Strike
0-1: Called Strike
0-2: Ball
1-2: Ball
2-2: SINGLE (Line Drive, 4D, EV 95.6 MPH)
Batting: LHB Sean Cox 0-0: Ball
1-0: Fielders Choice at 2nd, 1-6 (Groundball, P, EV 70.6 MPH)
Batting: RHB Manny Dedo 0-0: Foul Ball, location: 2F
0-1: Ball
1-1: Fielders Choice at 2nd, 6-4 (Groundball, 6, EV 93.1 MPH)
Bottom of the 1st over - 0 runs, 1 hit, 0 errors, 1 left on base; Yakima 0 - Springfield 0
TOP OF THE 2ND
Yakima Hops batting - Pitching for Springfield Shooters : RHP Luis Sastre
Batting: RHB Tokaji Heida 0-0: Called Strike
0-1: Ball
1-1: Called Strike
1-2: Ball
2-2: Ball
3-2: Foul Ball, location: 2F
3-2: Ground out 5-3 (Groundball, 56, EV 101.9 MPH)
Batting: LHB Flint Myers 0-0: Ball
1-0: Ground out 6-3 (Groundball, 6, EV 87.5 MPH)
Batting: RHB Ezra Booth 0-0: Ball
1-0: Fly out, F8 (Flyball, 8LM, EV 77.5 MPH)
Top of the 2nd over - 0 runs, 0 hits, 0 errors, 0 left on base; Yakima 0 - Springfield 0
BOTTOM OF THE 2ND
Springfield Shooters batting - Pitching for Yakima Hops : RHP Aurelio Ortíz
Batting: RHB Olo Iukekini 0-0: Ball
1-0: Foul Ball, location: 2F
1-1: Ball
2-1: Ground out 2-3 (Groundball, 13S, EV 70.0 MPH)
Batting: RHB Orlando Samundio 0-0: Called Strike
0-1: DOUBLE (Flyball, 78XD, EV 108.1 MPH)
Batting: RHB Ricardo Torres 0-0: Called Strike
0-1: Ball
1-1: Ball
2-1: Foul Ball, location: 2F
2-2: Ball
3-2: Foul Ball, location: 2F
3-2: Foul Ball, location: 2F
3-2: Fly out, F3 (Popup, 23F, EV 83.8 MPH)
Batting: RHB Charles Sheffield 0-0: Ball
1-0: SINGLE (Flyball, 89M, EV 93.8 MPH)
Orlando Samundio to third
Runner from 3rd tries for Home, SAFE, no throw by CF
Batting: RHB Clay Myers 0-0: Ball
1-0: Ball
2-0: SINGLE (Groundball, 6MD, EV 99.4 MPH)
Charles Sheffield to second
Runner from 2nd tries for 3rd, SAFE, throw by CF made to third
Batting: LHB Herman Patton 0-0: Ball
1-0: Ball
2-0: Ball
3-0: Base on Balls
Clay Myers to second
Batting: RHB David Milliken 0-0: Foul Ball, location: 2F
0-1: Foul Ball, location: 2F
0-2: Strikes out swinging
Bottom of the 2nd over - 1 run, 3 hits, 0 errors, 3 left on base; Yakima 0 - Springfield 1
TOP OF THE 3RD
Yakima Hops batting - Pitching for Springfield Shooters : RHP Luis Sastre
Batting: RHB José Hernández 0-0: Ball
1-0: Ball
2-0: Swinging Strike
2-1: Ball
3-1: Called Strike
3-2: Base on Balls
Batting: RHB Tom Taylor 0-0: Ball
Wild Pitch!
José Hernández to second
1-0: Foul Ball, location: 2F
1-1: Foul Ball, location: 2F
1-2: Foul Ball, location: 2F
1-2: Fly out, F7 (Flyball, 78M, EV 82.5 MPH)
Batting: SHB Pedro Montoya 0-0: Called Strike
0-1: Ball
1-1: DOUBLE (Line Drive, 8LD, EV 106.9 MPH)
José Hernández scores
Batting: LHB Doug Cole 0-0: Swinging Strike
0-1: Fly out, F8 (Flyball, 8LD, EV 100.0 MPH)
Batting: RHB Sebastian Franke 0-0: Ball
1-0: Called Strike
1-1: DOUBLE (Flyball, 78XD, EV 94.4 MPH)
Pedro Montoya scores
Batting: LHB Juan Arellano 0-0: Ball
1-0: Ball
2-0: Called Strike
2-1: Ground out 4-3 (Groundball, 4, EV 81.9 MPH)
Top of the 3rd over - 2 runs, 2 hits, 0 errors, 1 left on base; Yakima 2 - Springfield 1
BOTTOM OF THE 3RD
Springfield Shooters batting - Pitching for Yakima Hops : RHP Aurelio Ortíz
Batting: LHB Sean Cox 0-0: Swinging Strike
0-1: Swinging Strike
0-2: Ball
1-2: Strikes out swinging, 2-3 out at first.
Batting: RHB Manny Dedo 0-0: Swinging Strike
0-1: Ball
1-1: Ball
2-1: Swinging Strike
2-2: Strikes out looking
Batting: RHB Olo Iukekini 0-0: Foul Ball, location: 2F
0-1: Ball
1-1: Ball
2-1: Ball
3-1: Base on Balls
Batting: RHB Orlando Samundio 0-0: Ball
1-0: Swinging Strike
1-1: Ball
2-1: Foul Ball, location: 2F
2-2: SINGLE (Groundball, 34D, EV 98.8 MPH)
Olo Iukekini to second
Runner from 2nd tries for 3rd, SAFE, no throw by RF
Batting: RHB Ricardo Torres 0-0: Ball
1-0: SINGLE (Groundball, 6D, EV 96.2 MPH)
Olo Iukekini scores
Orlando Samundio to second
Batting: RHB Charles Sheffield 0-0: Called Strike
0-1: Ground out 1-3 (Groundball, 34S, EV 78.8 MPH)
Bottom of the 3rd over - 1 run, 2 hits, 0 errors, 2 left on base; Yakima 2 - Springfield 2
TOP OF THE 4TH
Yakima Hops batting - Pitching for Springfield Shooters : RHP Luis Sastre
Batting: RHB Tokaji Heida 0-0: Ball
1-0: Foul Ball, location: 2F
1-1: Called Strike
1-2: Strikes out swinging
Batting: LHB Flint Myers 0-0: Ball
1-0: Foul Ball, location: 2F
1-1: Ground out 1-3 (Groundball, 34S, EV 88.1 MPH)
Batting: RHB Ezra Booth 0-0: Called Strike
0-1: Ball
1-1: Ground out 4-3 (Groundball, 4, EV 80.6 MPH)
Top of the 4th over - 0 runs, 0 hits, 0 errors, 0 left on base; Yakima 2 - Springfield 2
BOTTOM OF THE 4TH
Springfield Shooters batting - Pitching for Yakima Hops : RHP Aurelio Ortíz
Batting: RHB Clay Myers 0-0: Ball
1-0: Ball
2-0: Called Strike
2-1: Foul Ball, location: 2F
2-2: Ball
3-2: Strikes out swinging
Batting: LHB Herman Patton 0-0: Ball
1-0: Ball
2-0: Ball
3-0: Called Strike
3-1: Base on Balls
Batting: RHB David Milliken 0-0: Ball
1-0: Called Strike
1-1: Foul Ball, location: 2F
1-2: Strikes out swinging
Herman Patton steals 2nd base
Batter strikes out.
Batting: LHB Sean Cox 0-0: Ball
1-0: Called Strike
1-1: Foul Ball, location: 2F
1-2: Ball
2-2: Ball
3-2: Base on Balls
Batting: RHB Manny Dedo 0-0: Ground out 4-3 (Groundball, 4, EV 85.6 MPH)
Bottom of the 4th over - 0 runs, 0 hits, 0 errors, 2 left on base; Yakima 2 - Springfield 2
TOP OF THE 5TH
Yakima Hops batting - Pitching for Springfield Shooters : RHP Luis Sastre
Batting: RHB José Hernández 0-0: Ball
1-0: Called Strike
1-1: Foul Ball, location: 2F
1-2: Ball
2-2: Ball
3-2: Fly out, F9 (Flyball, 9S, EV 93.1 MPH)
Batting: RHB Tom Taylor 0-0: Ball
1-0: Swinging Strike
1-1: Ball
2-1: Foul Ball, location: 2F
2-2: Foul Ball, location: 2F
2-2: SINGLE (Line Drive, 56D, EV 103.8 MPH)
Batting: SHB Pedro Montoya 0-0: Called Strike
0-1: Ball
1-1: Swinging Strike
1-2: Ball
2-2: Foul Ball, location: 2F
2-2: Ground out 4-3 (Groundball, 4S, EV 65.6 MPH)
Tom Taylor to second
Batting: LHB Doug Cole 0-0: Ball
1-0: Called Strike
1-1: Ball
2-1: Ball
3-1: Base on Balls
Batting: RHB Sebastian Franke 0-0: Called Strike
0-1: SINGLE (Groundball, 6D, EV 98.1 MPH)
Tom Taylor to third
Doug Cole to second
Runner from 3rd tries for Home, SAFE, throw by CF to home
Batting: LHB Juan Arellano 0-0: Called Strike
0-1: Swinging Strike
0-2: Strikes out swinging
Top of the 5th over - 1 run, 2 hits, 0 errors, 2 left on base; Yakima 3 - Springfield 2
BOTTOM OF THE 5TH
Springfield Shooters batting - Pitching for Yakima Hops : RHP Aurelio Ortíz
Batting: RHB Olo Iukekini 0-0: Ball
1-0: Foul Ball, location: 2F
1-1: Called Strike
1-2: Foul Ball, location: 2F
1-2: Foul Ball, location: 2F
1-2: Reached on error, E6 (Groundball, 56, EV 98.1 MPH)
Pitching: RHP Ryan Moreno
Batting: RHB Orlando Samundio 0-0: Sac Bunt to 15 - play at first, batter OUT! 1-3
Olo Iukekini to second
Batting: RHB Ricardo Torres 0-0: Foul Ball, location: 2F
0-1: Fly out, F7 (Flyball, 78S, EV 90.0 MPH)
Batting: RHB Charles Sheffield 0-0: Called Strike
0-1: Ball
1-1: Foul Ball, location: 2F
1-2: Strikes out looking
Bottom of the 5th over - 0 runs, 0 hits, 1 error, 1 left on base; Yakima 3 - Springfield 2
TOP OF THE 6TH
Yakima Hops batting - Pitching for Springfield Shooters : RHP Luis Sastre
Pitching: RHP César González
Batting: RHB Tokaji Heida 0-0: Called Strike
0-1: Ground out 4-3 (Groundball, 4, EV 103.8 MPH)
Batting: LHB Flint Myers 0-0: Ball
1-0: Foul Ball, location: 2F
1-1: Fly out, F8 (Flyball, 8LM, EV 98.8 MPH)
Batting: RHB Ezra Booth 0-0: Ball
1-0: Ball
2-0: Ground out 4-3 (Groundball, 34D, EV 101.2 MPH)
Top of the 6th over - 0 runs, 0 hits, 0 errors, 0 left on base; Yakima 3 - Springfield 2
BOTTOM OF THE 6TH
Springfield Shooters batting - Pitching for Yakima Hops : RHP Ryan Moreno
Batting: RHB Clay Myers 0-0: Called Strike
0-1: Foul Ball, location: 2F
0-2: Strikes out swinging
Batting: LHB Herman Patton 0-0: Ball
1-0: Ball
2-0: Ball
3-0: Base on Balls
Batting: RHB David Milliken 0-0: Ball
1-0: Called Strike
Herman Patton is caught stealing 2nd base 2-4
1-1: Ground out 5-3 (Groundball, 5, EV 75.6 MPH)
Bottom of the 6th over - 0 runs, 0 hits, 0 errors, 0 left on base; Yakima 3 - Springfield 2
TOP OF THE 7TH
Yakima Hops batting - Pitching for Springfield Shooters : RHP César González
Batting: RHB José Hernández 0-0: Ground out 1-3 (Groundball, 15S, EV 61.2 MPH)
Batting: RHB Tom Taylor 0-0: Ball
1-0: Foul Ball, location: 2F
1-1: Swinging Strike
1-2: Ball
2-2: Foul Ball, location: 2F
2-2: SINGLE (Groundball, 5, EV 81.9 MPH) (infield hit)
Batting: SHB Pedro Montoya 0-0: Ball
Tom Taylor is caught stealing 2nd base 2-6
1-0: Ball
2-0: Called Strike
2-1: Ball
3-1: Base on Balls
Batting: LHB Doug Cole 0-0: Called Strike
0-1: Ball
1-1: Ball
2-1: Ball
3-1: Base on Balls
Pedro Montoya to second
Batting: RHB Sebastian Franke 0-0: Ball
1-0: Swinging Strike
1-1: Ball
2-1: Swinging Strike
2-2: Foul Ball, location: 2F
2-2: Foul Ball, location: 2F
2-2: Ball
3-2: Strikes out swinging
Top of the 7th over - 0 runs, 1 hit, 0 errors, 2 left on base; Yakima 3 - Springfield 2
BOTTOM OF THE 7TH
Springfield Shooters batting - Pitching for Yakima Hops : RHP Ryan Moreno
Batting: LHB Sean Cox 0-0: Ball
1-0: Ball
2-0: Ball
3-0: Base on Balls
Batting: RHB Manny Dedo 0-0: Ball
1-0: Ball
2-0: Ball
3-0: Base on Balls
Sean Cox to second
Batting: RHB Olo Iukekini 0-0: Foul Ball, location: 2F
0-1: Swinging Strike
0-2: Grounds into double play, 4-6-3 (Groundball, 4, EV 86.9 MPH)
Sean Cox to third
Batting: RHB Orlando Samundio 0-0: Ball
1-0: Called Strike
1-1: Ball
2-1: Ball
3-1: Ground out 2-3 (Groundball, 15S, EV 70.6 MPH)
Bottom of the 7th over - 0 runs, 0 hits, 0 errors, 1 left on base; Yakima 3 - Springfield 2
TOP OF THE 8TH
Yakima Hops batting - Pitching for Springfield Shooters : RHP César González
Batting: LHB Juan Arellano 0-0: Foul Ball, location: 2F
0-1: Ball
1-1: Ball
2-1: SINGLE (Flyball, 78S, EV 83.8 MPH)
Batting: RHB Tokaji Heida 0-0: Foul Ball, location: 2F
0-1: Called Strike
0-2: Ball
1-2: Strikes out swinging
Batting: LHB Flint Myers 0-0: Ball
1-0: Swinging Strike
1-1: Ball
2-1: Swinging Strike
2-2: Strikes out swinging
Batting: RHB Ezra Booth 0-0: Ball
1-0: Ball
2-0: Fly out, F7 (Flyball, 7S, EV 87.5 MPH)
Top of the 8th over - 0 runs, 1 hit, 0 errors, 1 left on base; Yakima 3 - Springfield 2
BOTTOM OF THE 8TH
Springfield Shooters batting - Pitching for Yakima Hops : RHP Ryan Moreno
Batting: RHB Ricardo Torres 0-0: Ball
1-0: Ground out 1-3 (Groundball, 34S, EV 85.0 MPH)
Batting: RHB Charles Sheffield 0-0: Ball
1-0: Ball
2-0: Fly out, F8 (Flyball, 8LD, EV 100.6 MPH)
Pitching: RHP Arturo Santiago
Batting: RHB Clay Myers 0-0: Called Strike
0-1: Swinging Strike
0-2: Ball
1-2: Fly out, F8 (Line Drive, 8LM, EV 91.2 MPH)
Bottom of the 8th over - 0 runs, 0 hits, 0 errors, 0 left on base; Yakima 3 - Springfield 2
TOP OF THE 9TH
Yakima Hops batting - Pitching for Springfield Shooters : RHP César González
Batting: RHB José Hernández 0-0: Ball
1-0: Ball
2-0: Called Strike
2-1: Ground out 6-3 (Groundball, 56, EV 110.0 MPH)
Batting: RHB Tom Taylor 0-0: Ball
1-0: Ball
2-0: Called Strike
2-1: Ground out 5-3 (Groundball, 56S, EV 63.1 MPH)
Batting: SHB Pedro Montoya 0-0: Fly out, F7 (Flyball, 7LS, EV 90.0 MPH)
Top of the 9th over - 0 runs, 0 hits, 0 errors, 0 left on base; Yakima 3 - Springfield 2
BOTTOM OF THE 9TH
Springfield Shooters batting - Pitching for Yakima Hops : RHP Arturo Santiago
Batting: LHB Herman Patton 0-0: Called Strike
0-1: Called Strike
0-2: Ball
1-2: Foul Ball, location: 2F
1-2: Ball
2-2: SINGLE (Groundball, 56D, EV 106.2 MPH)
Batting: RHB David Milliken 0-0: Fly out, F5 (Popup, 56, EV 71.9 MPH)
Batting: LHB Sean Cox 0-0: Called Strike
0-1: SINGLE (Line Drive, 4M, EV 102.5 MPH)
Herman Patton to second
Pinch Hitting: LHB Brendon Lewis 0-0: Ball
1-0: Called Strike
1-1: Foul Ball, location: 2F
1-2: Fielders Choice at 2nd, 3-6 (Groundball, 3, EV 79.4 MPH)
Herman Patton to third
Batting: RHB Olo Iukekini 0-0: Called Strike
0-1: Ball
1-1: Fielders Choice at 2nd, 6-4 (Groundball, 6D, EV 104.4 MPH)
Bottom of the 9th over - 0 runs, 2 hits, 0 errors, 2 left on base; Yakima 3 - Springfield 2
Friday, April 17th, 2020 - OOTP Baseball 20.8 Build 74